 Dungeon Crawl Stone Soup version 0.32-a0-30-gefbe487952 (webtiles) character file.

Game seed: 10822837207616979277

688 mightbedylan the Shield-Bearer (level 7, -4/63 HPs)
             Began as a Minotaur Fighter on Jan 19, 2024.
             Was a Follower of Wu Jian.
             Slain by Edmund
             ... wielding a +2 heavy dire flail
              (13 damage)
             ... on level 5 of the Dungeon.
             The game lasted 00:20:20 (4016 turns).

mightbedylan the Shield-Bearer (Minotaur Fighter)   Turns: 4016, Time: 00:20:21

Health: -4/63      AC:  7    Str: 23    XL:     7   Next: 36%
Magic:  6/6        EV: 10    Int:  5    God:    Wu Jian [*.....]
Gold:   130        SH:  0    Dex:  9    Spells: 6/6 levels left

rFire   . . .        f - +2 battleaxe (flame)
rCold   . . .        (shield currently unavailable)
rNeg    . . .        b - +0 scale mail
rPois   .            (helmet restricted)
rElec   .            (no cloak)
rCorr   .            (no gloves)
SInv    .            (no boots)
Will    .....        (no amulet) Stlth
                     (no ring)
HPRegen 0.30/turn    (no ring)
MPRegen 0.10/turn

%: no passive effects
@: no status effects
A: horns 2, retaliatory headbutt
a: Renounce Religion


You were on level 5 of the Dungeon.
You worshipped Wu Jian.
Wu Jian was aware of your devotion.
You visited 1 branch of the dungeon, and saw 5 of its levels.

You collected 236 gold pieces.
You spent 106 gold pieces at shops.

Inventory:

Hand Weapons
 a - a +0 war axe
 f - a +2 battleaxe of flaming (weapon)
 r - a +3 hand axe
 v - a +2 dagger of venom
Missiles
 g - 2 throwing nets (quivered)
Armour
 b - a +0 scale mail (worn)
 c - a +0 buckler
Jewellery
 s - a ring of flight
Wands
 o - a wand of flame (18)
Scrolls
 e - a scroll of fog
 h - a scroll of identify
 j - a scroll of summoning
 k - 2 scrolls of blinking
 q - 3 scrolls of teleportation
Potions
 d - a potion of might
 i - a potion of magic {unknown}
 m - a potion of enlightenment
 n - a potion of brilliance
 p - a potion of invisibility {unknown}
 t - a potion of degeneration {unknown}
 u - a potion of heal wounds


   Skills:
 + Level 6.0 Fighting
 + Level 5.3 Axes
 + Level 6.0 Armour
 + Level 6.1 Shields


You had 6 spell levels left.
You didn't know any spells.
Your spell library contained the following spells:

 Spells                   Type           Power      Damage    Failure   Level
 Gell's Gravitas          Tloc           0%         N/A       98%         3
 Teleport Other           Tloc           0%         N/A       98%         3
 Dispersal                Tloc           0%         N/A       100%        6


Dungeon Overview and Level Annotations

Branches:
Dungeon (5/15)
 Temple: D:4-7

Altars:
Ashenzari
Elyvilon
Gozag
Kikubaaqudgha
Makhleb
Nemelex Xobeh
Qazlal
Vehumet
Wu Jian
Xom

Shops:
D:3 ??[?*   D:4 **[*   D:5 [

Annotations:
D:5 Edmund


Innate Abilities, Weirdness & Mutations

You have a pair of horns on your head.
You reflexively headbutt those who attack you in melee.


Message History

A phantom is nearby!
You slash the phantom! You burn the phantom.
The phantom is almost destroyed.
The phantom hits you but does no damage. x2
A phantom is nearby!
You slice the phantom!! You burn the phantom.
You destroy the phantom!
The Council accepts your kill.
Your Fighting skill increases to level 6!
Your Armour skill increases to level 6!
Edmund is nearby!
Edmund is nearby!
You slash Edmund! You burn Edmund! Your headbutt misses Edmund.
Edmund is heavily wounded.
Edmund closely misses you.
Edmund is nearby!
You hit Edmund. You burn Edmund.
Edmund is severely wounded.
Edmund hits you with a +2 heavy dire flail!
A jackal comes into view.
The jackal barks!
There are monsters nearby!
You are too injured to fight recklessly!
There are monsters nearby!
You are too injured to fight recklessly!
There are monsters nearby!
You are too injured to fight recklessly!
There are monsters nearby!
You slash Edmund! You burn Edmund. You headbutt Edmund, but do no damage.
Edmund is almost dead.
Edmund hits you with a +2 heavy dire flail.
You hit Edmund but do no damage.
Edmund is almost dead.
Edmund hits you with a +2 heavy dire flail!!
* * * LOW HITPOINT WARNING * * *
You barely miss Edmund.
Edmund is almost dead.
Edmund hits you with a +2 heavy dire flail!
You die...
Edmund says, "That'll show my brother!"

*,*,,,,,,*#.*.#.......# *,,*
,*,,****,##.*.#.......#**,,*
,,,,,,*#,#..,.........#*,.,*
,,,,,,##.#..,..,......##..,*
,,,,,,,.....#.#,,....,....,***
,,,,,.##.#..#.####.##.....,,,*
*,*,,......@ยง...h.........,*,****
,*,,,....#..#.##@#.#####.#,,,,,,*
*,**,#***#..#.##@#........,,,,,,*
,*,*,****#..#.##.#.#####.##*,**,*
*,**,,,,,..................,,**,*
,*,*****##..####.#.#####.##****,*
*,*,,,,,,...####.#.#####.# *,*
*,,,,,..##...............# *,*
*,***,....,.##.#.#.####### *,* *,*
*,<....,*#.#.#.# *,* +,*
*,.....,##.#.#.#***********,*


You could see Edmund and a jackal.

Vanquished Creatures
  A phantom (D:5)
  3 scorpions
  A hound (D:4)
  A jelly (D:5)
  A gnoll bouda (D:4)
  Jessica (D:3)
  Natasha (D:3)
  An iguana (D:5)
  3 orc wizards
  Robin (D:4)
  5 adders
  4 gnolls (D:3)
  2 dart slugs
  3 ribbon worms (D:3)
  12 orcs
  3 endoplasms (D:2)
  2 giant cockroaches (D:2)
  14 goblins
  7 hobgoblins
  4 jackals
  7 kobolds
  3 quokkas
  7 ball pythons
  6 bats
  2 frilled lizards
  2 rats (D:2)
97 creatures vanquished.

Notes
Turn   | Place    | Note
-------+----------+-------------------------------------------
     0 | D:1      | mightbedylan the Minotaur Fighter began the quest for the
                  | Orb.
     0 | D:1      | Reached XP level 1. HP: 19/19 MP: 0/0
   100 | D:1      | Reached XP level 2. HP: 26/27 MP: 1/1
   734 | D:2      | Found a shimmering altar of Xom.
   869 | D:2      | Reached XP level 3. HP: 33/33 MP: 2/2
  1325 | D:3      | Found Sunutox's Antique Armour Shoppe.
  1379 | D:3      | Found Muumiewo's Magic Scroll Boutique.
  1442 | D:3      | Reached XP level 4. HP: 41/41 MP: 3/3
  1563 | D:3      | Found Nuotri's Magic Scroll Shop.
  1624 | D:3      | Noticed Jessica
  1632 | D:3      | Killed Jessica
  1633 | D:3      | Reached XP level 5. HP: 39/47 MP: 4/4
  1749 | D:3      | Reached skill level 5 in Shields
  1752 | D:3      | Identified a scroll of acquirement
  1752 | D:3      | Acquired a +0 battleaxe of flaming
  2024 | D:3      | Reached skill level 5 in Fighting
  2058 | D:3      | Found an ancient bone altar of Kikubaaqudgha.
  2058 | D:3      | Found a stormy altar of Qazlal.
  2058 | D:3      | Found an ornate altar of the Wu Jian Council.
  2058 | D:3      | Found a broken altar of Ashenzari.
  2058 | D:3      | Noticed Natasha
  2062 | D:3      | Reached skill level 5 in Armour
  2068 | D:3      | Killed Natasha
  2069 | D:3      | Reached XP level 6. HP: 37/56 MP: 5/5
  2138 | D:3      | Found an opulent altar of Gozag.
  2141 | D:3      | Found a sparkling altar of Nemelex Xobeh.
  2185 | D:3      | Became a worshipper of the Wu Jian Council
  2240 | D:3      | Found a radiant altar of Vehumet.
  2241 | D:3      | Found a white marble altar of Elyvilon.
  2372 | D:3      | Found Suneph's Magic Scroll Shoppe.
  2377 | D:3      | Bought a scroll of enchant weapon for 82 gold pieces
  2418 | D:3      | Found Ziruryec's General Store.
  2427 | D:3      | Bought a scroll of identify for 24 gold pieces
  2790 | D:4      | Found Dink's Assorted Antiques.
  2792 | D:4      | Found Jekeot's Assorted Antiques.
  2795 | D:4      | Found Qugur's General Store.
  2795 | D:4      | Found Buppeczoo's Antique Armour Shoppe.
  2882 | D:4      | Noticed Robin
  2907 | D:4      | Killed Robin
  3627 | D:4      | Found a burning altar of Makhleb.
  3799 | D:5      | Entered Level 5 of the Dungeon
  3839 | D:5      | Reached skill level 5 in Axes
  3839 | D:5      | Reached XP level 7. HP: 51/62 MP: 6/6
  3861 | D:5      | Reached * piety under Wu Jian
  3958 | D:5      | Found Bizijoll's Antique Armour Shoppe.
  4005 | D:5      | Noticed Edmund
  4016 | D:5      | Slain by Edmund

Illustrated notes

Levels and vault maps discovered:
D:1:      minmay_arrival_glassed_features, layout_basic
D:2:      minmay_general_purpose_star, layout_basic, basic_altar,
          minmay_tetromino_o2
D:3:      layout_loops_ring, mainiacjoe_overflow_divided_tiny,
          minmay_overflow_temple_hex, serial_shops,
          nicolae_shop_pleasant_corner_grove, shop, shop,
          nicolae_shop_real_fake_doors, nicolae_shop_tiny_waterfront,
          corexii_shack, uniq_natasha, uniq_jessica
D:4:      minmay_recursive_quarters, layout_loops_corners,
          lightli_temple_of_fire, roderic_serpentine_path,
          minmay_shop_grid_forest, chequers_hall_statues_corner_a, uniq_robin
D:5:      layout_basic, serial_shops, nicolae_shop_statue_plus, uniq_duvessa,
          uniq_edmund

Skill      XL: |  1  2  3  4  5  6  7 |
---------------+----------------------+-----
Armour         | 4 5 6 |  6.0
Shields        | 4 5 6 |  6.1
Fighting       | 4 5 6 |  6.0
Axes           | 3 4 5 |  5.3

Action                     |  1- 3 |  4- 6 |  7- 9 || total
---------------------------+-------+-------+-------++-------
  Melee: War axe           |    97 |     3 |       ||   100
         Headbutt          |     7 |    15 |     3 ||    25
         Hand axe          |       |    99 |    17 ||   116
         Battleaxe         |       |       |    13 ||    13
Ability: Lunge             |       |     5 |       ||     5
    Use: Scroll            |       |     9 |     4 ||    13
         Potion            |       |     6 |       ||     6
 Armour: Scale mail        |    83 |    79 |    26 ||   188
  Dodge: Dodged            |    54 |    40 |     5 ||    99
  Block: Buckler           |    24 |    19 |     5 ||    48

Table legend: (Time is in decaauts)
 A = Elapsed time spent in this place.
 B = Non-inter-level travel time spent in this place.
 C = Inter-level travel time spent in this place.
 D = Time resting spent in this place.
 E = Time spent auto-exploring this place.
 F = Levels seen in this place.
 G = Mean time per level.
                   A        B        C        D        E       F      G
               +--------+--------+--------+--------+--------+-----+--------+
         Total |   4091 |   3949 |    142 |      0 |   3198 |   5 |  818.2 |
       Dungeon |   4091 |   3949 |    142 |      0 |   3198 |   5 |  818.2 |
               +--------+--------+--------+--------+--------+-----+--------+

Top non-repeatable levels by time:
     D:4: 1302 daAuts
     D:3: 1206 daAuts
     D:2: 773 daAuts
     D:1: 586 daAuts
     D:5: 223 daAuts
